 Dungeon Crawl Stone Soup version 0.28.0-45-g0d030f2227 (webtiles) character file.

Game seed: 9042035727857534401

161 Mitsuki the Conjurer (level 5, -2/28 HPs)
             Began as a Deep Elf Conjurer on Apr 4, 2022.
             Killed from afar by Natasha (10 damage)
             ... with a magic dart
             ... on level 3 of the Dungeon.
             The game lasted 00:03:22 (2113 turns).

Mitsuki the Conjurer (Deep Elf Conjurer)            Turns: 2113, Time: 00:03:23

Health: -2/28      AC:  0    Str:  4    XL:     5   Next: 18%
Magic:  14/14      EV: 14    Int: 25    God:
Gold:   85         SH:  0    Dex: 13    Spells: 10/13 levels left

rFire   . . .      SeeInvis .   (weapon currently unavailable)
rCold   . . .      Faith    .   (shield currently unavailable)
rNeg    . . .      Spirit   .   (armour currently unavailable)
rPois   .          Reflect  .   (helmet currently unavailable)
rElec   .          Harm     .   (cloak currently unavailable)
rCorr   .          Rampage  .   (gloves currently unavailable)
Will    .....                   (boots currently unavailable)
Stlth   ++........              (no amulet)
HPRegen 0.09/turn               (ring currently unavailable)
MPRegen 0.14/turn               (ring currently unavailable)

@: pig-form (expiring), very quick
A: fast, no casting, small
a: no special abilities


You were on level 3 of the Dungeon.
You were a filthy swine.
You visited 1 branch of the dungeon, and saw 3 of its levels.

You collected 85 gold pieces.

Inventory:

Hand Weapons
 b - a +0 short sword (melded)
Armour
 a - a +0 robe (melded)
Jewellery
 f - a ring of ice
Scrolls
 g - a scroll of blinking {unknown}
 h - a scroll of enchant weapon {unknown}
 i - 2 scrolls of teleportation {unknown}
 k - a scroll of silence {unknown}
 l - a scroll of enchant armour {unknown}
Potions
 c - a potion of lignification {unknown}
 d - 2 potions of brilliance {unknown}
 e - a potion of curing {unknown}
 j - a potion of magic {unknown}


   Skills:
 - Level 2.4 Dodging
 - Level 2.4 Stealth
 + Level 4.8 Spellcasting
 * Level 6.4 Conjurations


You had 10 spell levels left.
You knew the following spells:

 Your Spells              Type           Power      Damage    Failure   Level
a - Magic Dart            Conj           100%       1d8       1%          1
b - Searing Ray           Conj           76%        2d7       1%          2

Your spell library contained the following spells:

 Spells                   Type           Power      Damage    Failure   Level
 Dazzling Flash           Conj/Hex       44%        N/A       7%          3
 Fulminant Prism          Conj/Hex       11%        3d9       22%         4
 Iskenderun's Mystic Bla  Conj/Tloc      22%        2d6       22%         4


Dungeon Overview and Level Annotations

Branches:
Dungeon (3/15)

Altars:

Annotations:
D:3 3 runed translucent doors, Natasha; Olga's ghost, weakling HOFi


Message History

You have reached level 5!
You regained 3 hp, and now have 18/28 hp.
Natasha, Servant of Life and Death comes into view.
She is carrying a wand of polymorph (4).
You regained 5 hp, and now have 23/28 hp.
MP restored: 14
Casting: Magic Dart (safe; 1% risk of failure)
Confirm with . or Enter, or press ? or * to list all spells.
The magic dart hits Natasha but does no damage.
Natasha hisses angrily.
Natasha zaps a wand.
You turn into a filthy swine.
Your +0 short sword melds into your body.
Your +0 robe melds into your body.
You now have 13/14 mp.
You can't do that in your present form.
You can't do that in your present form.
Found a stone staircase leading down.
Natasha mewls in sadness.
You hit Natasha but do no damage. Natasha claws you.
You take 4 damage, and have 19/28 hp.
You hit Natasha.
Natasha is lightly wounded.
Natasha misses you.
You barely miss Natasha.
Natasha is lightly wounded.
Natasha casts a spell at you. The magic dart hits you.
You take 6 damage, and have 14/28 hp.
MASSIVE DAMAGE!!
You closely miss Natasha.
Natasha is lightly wounded.
Natasha closely misses you.
MP restored: 14 You see here a +0 hand axe.
Your transformation is almost over.
Natasha casts a spell at you. The magic dart hits you.
* * * LOW HITPOINT WARNING * * *
You take 6 damage, and have 8/28 hp.
MASSIVE DAMAGE!!
Natasha casts a spell at you. The magic dart hits you!
You die...

#....#..†..######+++#######
#######....#..#..8.............8#
...........#..#.................#
#######....#..#........#.#..#####
# #....#..#........#.#..# #
#....#.............#..# ###
#....#.............#..#
..#####....#÷............#..#
#..........#....h..h.....#).#
#..####....###...........#..#
#..#### ................).# ..
<.....# ................).)##...
#.###.# ...................).)..
#.# # ##.#....................
#.# #...................... ..#
#...................... ..#
.................


You could see Natasha.

Vanquished Creatures
  Natasha (twice) (D:3)
  An orc wizard (D:3)
  Terence (D:3)
  2 adders
  4 orcs (D:3)
  A ball python (D:1)
  3 endoplasms
  A giant cockroach (D:2)
  7 goblins
  2 hobgoblins (D:2)
  2 jackals (D:3)
  5 kobolds
  2 quokkas (D:1)
  4 bats (D:1)
  3 frilled lizards
  3 rats (D:1)
43 creatures vanquished.

Notes
Turn   | Place    | Note
-------+----------+-------------------------------------------
     0 | D:1      | Mitsuki the Deep Elf Conjurer began the quest for the Orb.
     0 | D:1      | Reached XP level 1. HP: 10/10 MP: 6/6
   208 | D:1      | Reached XP level 2. HP: 15/15 MP: 6/8
   740 | D:1      | Reached skill level 5 in Conjurations
  1018 | D:2      | Reached XP level 3. HP: 19/19 MP: 5/10
  1685 | D:3      | Noticed Terence
  1691 | D:3      | Killed Terence
  1741 | D:3      | Learned a level 2 spell: Searing Ray
  1760 | D:3      | Noticed Natasha
  1763 | D:3      | Killed Natasha
  1764 | D:3      | Reached XP level 4. HP: 24/24 MP: 8/12
  1828 | D:3      | Noticed Natasha
  1833 | D:3      | Killed Natasha
  1834 | D:3      | Reached skill level 6 in Conjurations
  1891 | D:3      | Found a runed translucent gate.
  1891 | D:3      | Noticed Olga's ghost (weakling HOFi)
  1907 | D:3      | Found a runed translucent gate.
  1908 | D:3      | Found a runed translucent gate.
  2032 | D:3      | Reached XP level 5. HP: 18/28 MP: 7/14
  2093 | D:3      | Noticed Natasha
  2113 | D:3      | Killed from afar by Natasha

Illustrated notes

Levels and vault maps discovered:
D:1:      psy_arrival_conway, layout_basic, serial_forest,
          infiniplex_forest_side_room, infiniplex_forest_clump_tiny,
          infiniplex_forest_clump_double, infiniplex_forest_straight_3,
          moated_statue, skrybe_limestone_x
D:2:      layout_loops_ring
D:3:      layout_basic, biasface_ghost_orc_armoury, minmay_unequal,
          uniq_terence, uniq_natasha

Skill      XL: |  1  2  3  4 |
---------------+-------------+-----
Conjurations   | 5 6 |  6.4
Spellcasting   | 4 |  4.8
Dodging        | |  2.4
Stealth        | |  2.4

Action                   |  1- 3 |  4- 6 || total
-------------------------+-------+-------++-------
Melee: Unarmed           |       |     4 ||     4
 Cast: Magic Dart        |    59 |    30 ||    89
Dodge: Dodged            |       |     2 ||     2
